 Dungeon Crawl Stone Soup version 0.31-a0-188-g5e087ee2ca (webtiles) character file.

Game seed: 1046497613399178625

595 voltaire321 the Stinger (level 7, -8/47 (51) HPs)
             Began as a Demonspawn Venom Mage on June 23, 2023.
             Was a Follower of Wu Jian.
             Mangled by a wight
             ... wielding a +5 battleaxe of freezing
              (17 damage)
             ... on level 4 of the Dungeon.
             The game lasted 00:20:14 (4771 turns).

voltaire321 the Stinger (Demonspawn Venom Mage)     Turns: 4771, Time: 00:20:15

HP:   -8/47 (51)    AC:  5    Str: 10    XL:     7   Next: 16%
MP:   12/12         EV: 12    Int: 17    God:    Wu Jian [*.....]
Gold: 216           SH:  4    Dex: 15    Spells: 3/12 levels left

rFire   . . .        q - +0 short sword (elec)
rCold   . . .        (no shield)
rNeg    . . .        i - +0 leather armour
rPois   +            (no helmet)
rElec   .            y - +1 cloak
rCorr   .            (no gloves)
SInv    .            (no boots)
Will    .....        k - amulet of regeneration
Stlth   +++          g - ring of poison resistance
HPRegen 1.07/turn    (no ring)
MPRegen 0.13/turn

%: no passive effects
@: drained
A: thin skeletal structure 1, powered by pain 1, condensation shield
a: Renounce Religion


You were on level 4 of the Dungeon.
You worshipped Wu Jian.
Wu Jian was aware of your devotion.
You visited 2 branches of the dungeon, and saw 6 of its levels.
You also visited: Sewer.

You collected 216 gold pieces.

Inventory:

Hand Weapons
 q - a +0 short sword of electrocution (weapon)
Armour
 i - a +0 leather armour (worn)
 y - a +1 cloak (worn)
Magical Staves
 j - a staff of conjuration
Jewellery
 g - a ring of poison resistance (left hand)
 k - an amulet of regeneration (around neck)
Scrolls
 l - a scroll of brand weapon
 m - a scroll of poison
 o - 2 scrolls of enchant armour
 p - a scroll of amnesia
 u - a scroll of silence
Potions
 b - a potion of invisibility
 c - a potion of enlightenment
 e - a potion of cancellation
 h - a potion of heal wounds
 n - a potion of resistance
 t - a potion of curing
 x - 2 potions of brilliance {unknown}


   Skills:
 + Level 2.8 Fighting
 + Level 2.4 Armour
 + Level 3.3 Dodging
 - Level 1.7 Stealth
 + Level 3.4 Spellcasting
 + Level 1.2 Conjurations
 - Level 1.0 Transmutations
 - Level 2.0 Air Magic
 + Level 4.3 Poison Magic


You had 3 spell levels left.
You knew the following spells:

 Your Spells              Type           Power      Damage    Failure   Level
a - Sting                 Tmut/Pois      44%        1d5       8%          1
b - Poisonous Vapours     Pois/Air       26%        N/A       9%          2
c - Olgreb's Toxic Radia  Pois           17%        N/A       36%         4
d - Searing Ray           Conj           14%        2d5       21%         2

Your spell library contained the following spells:

 Spells                   Type           Power      Damage    Failure   Level
 Magic Dart               Conj           28%        1d4       13%         1
 Necrotise                Necr           8%         1d4       22%         1
 Mephitic Cloud           Conj/Pois/Air  11%        N/A       24%         3
 Scorch                   Fire           4%         2d5       32%         2
 Vampiric Draining        Necr           2%         2d6       54%         3
 Flame Wave               Conj/Fire      5%         2d5       86%         4
 Fulminant Prism          Conj/Hex       2%         3d5       86%         4
 Agony                    Necr           2%         N/A       99%         5
 Summon Cactus Giant      Summ           1%         N/A       100%        6


Dungeon Overview and Level Annotations

Branches:
Dungeon (5/15)             Temple (1/1) D:4           Sewer (visited)

Altars:
Ashenzari
Cheibriados
Dithmenos
Fedhas
Gozag
Kikubaaqudgha
Nemelex Xobeh
Okawaru
Qazlal
Ru
Sif Muna
Trog
Uskayaw
Vehumet
Wu Jian
Xom
Yredelemnul

Shops:
D:1 ([[=


Innate Abilities, Weirdness & Mutations

You have a somewhat thin skeletal structure. (Dex +2, Stealth+)
You sometimes gain a little power by taking damage.
A meltable shield of frost defends you. (SH +4)


Message History

The searing ray misses the wight. (Press . to maintain the ray.)
The searing ray hits the wight.
The wight is moderately damaged.
The searing ray hits the wight but does no damage.
The wight is moderately damaged.
The wight hits you with a +5 battleaxe of freezing!
You feel drained. The wight freezes you.
The searing ray hits the wight.
The wight is heavily damaged.
You finish channelling your searing ray.
The wight hits you with a +5 battleaxe of freezing!
You focus on the pain.
You feel your power returning.
You feel drained. The wight freezes you.
* * * LOW HITPOINT WARNING * * *
You hit the wight.
The wight is severely damaged.
You block the wight's attack.
You closely miss the wight.
The wight is severely damaged.
The wight hits you with a +5 battleaxe of freezing!
* * * LOW HITPOINT WARNING * * *
The wight freezes you.
* * * LOW HITPOINT WARNING * * *
You barely miss the wight.
The wight is severely damaged.
The wight hits you with a +5 battleaxe of freezing.
* * * LOW HITPOINT WARNING * * *
The wight freezes you.
* * * LOW HITPOINT WARNING * * *
You closely miss the wight.
The wight is severely damaged.
The wight closely misses you.
You closely miss the wight.
The wight is severely damaged.
You block the wight's attack.
You closely miss the wight.
The wight is severely damaged.
The wight hits you with a +5 battleaxe of freezing!
You die...

#...$#........###'##...# ###'##
#....z...............'#####.....
#....#z.........(...(' #[.#.⌠.⌠.
#....#...............'##..'..>..
#....##.#.................#.⌠.⌠.
#....##.......#...........#.....
#######...#####.####......###+##
###......z...#####........
###....@...# #......##
#........# #..)...# #........#
#......## #........# #......##
######......).# #......##
..............# #.###'###
..............# #.#...###
..............### #.#.###..
................# #.....'..


You could see a wight.

Vanquished Creatures
  Sigmund (D:2)
  2 hounds
  An orc priest (D:4)
  4 orc wizards (D:4)
  A hell rat (Sewer)
  3 gnolls
  4 adders
  4 river rats
  A white imp (D:4)
  A worm (D:3)
  10 dart slugs
  9 orcs
  13 ball pythons
  6 endoplasms
  A giant cockroach (D:3)
  4 goblins
  4 hobgoblins
  6 jackals (D:2)
  9 kobolds
  A quokka (D:2)
  2 bats (D:2)
  4 frilled lizards
  12 rats
103 creatures vanquished.

Notes
Turn   | Place    | Note
-------+----------+-------------------------------------------
     0 | D:1      | voltaire321 the Demonspawn Venom Mage began the quest for
                  | the Orb.
     0 | D:1      | Reached XP level 1. HP: 13/13 MP: 3/3
   172 | D:1      | Reached skill level 1 in Transmutations
   274 | D:1      | Gained mutation: You sometimes gain a little power by
                  | taking damage. [demonic ancestry]
   274 | D:1      | Reached XP level 2. HP: 20/20 MP: 0/5
   275 | D:1      | Found Texekh's Armour Shop.
   344 | D:1      | Found Plog's Armour Shop.
   488 | D:1      | Found a faded altar of an unknown god.
   500 | D:1      | Found Ynastumy's Weapon Emporium.
   513 | D:1      | Learned a level 2 spell: Poisonous Vapours
   639 | D:1      | Found Munk's Jewellery Boutique.
  1039 | D:1      | Reached XP level 3. HP: 18/25 MP: 0/6
  1108 | D:2      | Reached skill level 1 in Fighting
  1203 | D:2      | Reached skill level 1 in Armour
  1261 | D:2      | Noticed Sigmund
  1299 | D:2      | Killed Sigmund
  1300 | D:2      | Reached skill level 1 in Air Magic
  1300 | D:2      | Gained mutation: A meltable shield of frost defends you.
                  | (SH +4) [demonic ancestry]
  1300 | D:2      | Reached XP level 4. HP: 14/33 MP: 2/8
  1300 | D:2      | Gained mutation: You have a somewhat thin skeletal
                  | structure. (Dex +2, Stealth+) [demonic ancestry]
  1300 | D:2      | Reached XP level 5. HP: 16/38 MP: 2/9
  1459 | D:2      | You fall into a shaft and drop 2 floors!
  1470 | D:4      | Learned a level 4 spell: Olgreb's Toxic Radiance
  1592 | D:4      | Found a staircase to the Ecumenical Temple.
  1600 | Temple   | Entered the Ecumenical Temple
  1606 | Temple   | Became a worshipper of the Wu Jian Council
  1732 | D:3      | Reached XP level 6. HP: 37/44 MP: 4/10
  1844 | D:3      | Found a glowing drain.
  1896 | Sewer    | Entered a sewer
  2022 | Sewer    | Reached * piety under Wu Jian
  2023 | Sewer    | Reached skill level 4 in Poison Magic
  2397 | D:2      | Learned a level 2 spell: Searing Ray
  3181 | D:3      | Found a shadowy altar of Dithmenos.
  3652 | D:4      | Identified the +7 short sword of Disarray {freeze, rF+
                  | Str+4 Dex-4}
  3670 | D:5      | Entered Level 5 of the Dungeon
  4072 | D:4      | Reached skill level 1 in Conjurations
  4072 | D:4      | Reached XP level 7. HP: 48/51 MP: 12/12
  4211 | D:4      | Reached ** piety under Wu Jian
  4771 | D:4      | Mangled by a wight

Illustrated notes

Levels and vault maps discovered:
D:1:      onia_arrival_pyramid, layout_loops_cross, serial_shops,
          nicolae_shop_bloodbath_and_beyond, shop, nicolae_shop_gaudy_bauble,
          shop, hellmonk_ecumenical_altar_lost_god
D:2:      layout_loops_corners, kennysheep_generic_room_16, uniq_sigmund
D:3:      kennysheep_slugbush, layout_loops_cross,
          nicolae_dithmenos_shadow_blocks, portal_sewer_entry_c,
          minmay_misc_feat_x, minmay_shallow_snake_nest
D:4:      layout_basic, minmay_temple_entry_hall
D:5:      layout_loops_corners, tso_altar, kennysheep_cross_bottleneck
Temple:   sentei_temple_godly_chess

Skill      XL: |  1  2  3  4  5  6 |
---------------+-------------------+-----
Transmutations | 1 |  1.0
Dodging        | 2 3 |  3.3
Fighting       | 1 2 |  2.8
Armour         | 1 2 |  2.4
Air Magic      | 1 2 |  2.0
Spellcasting   | 3 |  3.4
Poison Magic   | 4 |  4.3
Conjurations   | 1 |  1.2
Stealth        | |  1.7

Action                     |  1- 3 |  4- 6 |  7- 9 || total
---------------------------+-------+-------+-------++-------
  Melee: Unarmed           |    11 |       |       ||    11
         Dagger            |     9 |       |       ||     9
         Short sword       |     9 |   162 |    31 ||   202
         Punch             |       |     2 |       ||     2
   Cast: Sting             |    39 |   115 |    10 ||   164
         Poisonous Vapours |     7 |    11 |     2 ||    20
         Searing Ray       |       |       |     1 ||     1
Ability: Lunge             |       |    10 |     1 ||    11
         Whirlwind         |       |     5 |       ||     5
    Use: Potion            |     1 |     5 |       ||     6
         Scroll            |       |     8 |     9 ||    17
   Stab: Sleeping          |       |     4 |     1 ||     5
 Armour: Leather armour    |     7 |    54 |     7 ||    68
         Robe              |     1 |       |       ||     1
  Dodge: Dodged            |    21 |   111 |    10 ||   142
  Block: Other             |       |    22 |     5 ||    27

Table legend: (Time is in decaauts)
 A = Elapsed time spent in this place.
 B = Non-inter-level travel time spent in this place.
 C = Inter-level travel time spent in this place.
 D = Time resting spent in this place.
 E = Time spent auto-exploring this place.
 F = Levels seen in this place.
 G = Mean time per level.
                   A        B        C        D        E       F      G
               +--------+--------+--------+--------+--------+-----+--------+
         Total |   4780 |   4745 |     35 |   1077 |   2131 |   7 |  682.9 |
       Dungeon |   4514 |   4479 |     35 |    931 |   2131 |   5 |  902.8 |
        Temple |     11 |     11 |      0 |      0 |      0 |   1 |   11.0 |
         Sewer |    254 |    254 |      0 |    146 |      0 |   1 |  254.0 |
               +--------+--------+--------+--------+--------+-----+--------+

Top non-repeatable levels by time:
     D:4: 1265 daAuts
     D:2: 1189 daAuts
     D:1: 1026 daAuts
     D:3: 941 daAuts
   Sewer: 254 daAuts
     D:5: 91 daAuts
  Temple: 11 daAuts
